 Dungeon Crawl Stone Soup version 0.26-a0-651-gb41185065b (webtiles) character file.

Game seed: 8743501266126269351

375 Flugslaktarn the Chopper (level 7, -10/54 HPs)
             Began as a Human Fighter on Oct 27, 2020.
             Was a Follower of Okawaru.
             Killed by divine providence
             ... invoked by an orc priest
              (13 damage)
             ... on level 4 of the Dungeon.
             The game lasted 00:01:24 (3688 turns).

Flugslaktarn the Chopper (Human Fighter)            Turns: 3688, Time: 00:01:25

Health: -10/54     AC:  8    Str: 17    XL:     7   Next: 3%
Magic:  6/7        EV:  7    Int:  8    God:    Okawaru [*.....]
Gold:   222        SH:  9    Dex: 14    Spells: 6/6 levels left

rFire    . . .     SeeInvis .   a - +0 war axe
rCold    . . .     Faith    .   c - +0 kite shield
rNeg     . . .     Spirit   .   b - +0 scale mail
rPois    .         Reflect  .   (no helmet)
rElec    .         Harm     .   (no cloak)
rCorr    .         Rampage  .   (no gloves)
MR       .....                  m - +0 pair of boots
Stlth    ..........             (no amulet)
HPRegen  0.18/turn              (no ring)
MPRegen  0.10/turn              (no ring)

@: no status effects
A: no striking features
a: Heroism, Renounce Religion


You were on level 4 of the Dungeon.
You worshipped Okawaru.
Okawaru was aware of your devotion.
You visited 1 branch of the dungeon, and saw 4 of its levels.

You collected 222 gold pieces.

Inventory:

Hand Weapons
 a - a +0 war axe (weapon)
Armour
 b - a +0 scale mail (worn)
 c - a +0 kite shield (worn)
 m - a +0 pair of boots (worn)
   (You found it on level 2 of the Dungeon)
Jewellery
 k - an uncursed ring of protection from cold {unknown}
   (You found it on level 1 of the Dungeon)
Scrolls
 e - 4 scrolls of magic mapping {unknown}
 f - a scroll of enchant weapon {unknown}
 h - 4 scrolls of amnesia {unknown}
 i - a scroll of identify {unknown}
 n - a scroll of teleportation {unknown}
 o - a scroll of enchant armour {unknown}
 r - 2 scrolls of immolation {unknown}
 s - a scroll of noise {unknown}
Potions
 d - 2 potions of might
 g - a potion of cancellation {unknown}
 j - 3 potions of heal wounds {unknown}
 l - 2 potions of brilliance {unknown}
 p - a potion of lignification {unknown}
 q - a potion of curing
 t - a potion of flight {unknown}


   Skills:
 + Level 4.2 Fighting
 * Level 4.6 Axes
 + Level 4.1 Armour
 + Level 4.2 Shields


You had 6 spell levels left.
You didn't know any spells.
Your spell library was empty.

Dungeon Overview and Level Annotations

Branches:
Dungeon (4/15)
 Temple: D:4-7

Altars:
Kikubaaqudgha
Okawaru

Shops:
D:4 :


Message History

Your shield and scale mail prevent you from hitting the orc priest.
The orc priest is heavily wounded.
You barely miss the orc. You block the orc priest's attack.
The orc hits you with a +0 dagger.
* * * LOW HITPOINT WARNING * * *
The orc priest invokes the aid of Beogh against you.
Pain shoots through your body!
* * * LOW HITPOINT WARNING * * *
You hit the orc priest.
The orc priest is almost dead.
You barely miss the orc. The orc hits you but does no damage.
The orc priest hits you.
* * * LOW HITPOINT WARNING * * *
The orc hits you but does no damage.
You barely miss the orc priest.
The orc priest is almost dead.
You hit the orc but do no damage.
The orc priest invokes the aid of Beogh against you.
Beogh smites you!
You die...

## ####...##.
#.#######.
##.........
....#.....
#.....#####
...♣.....######...#.#
.........##.....##.#
..♣∩♣...>........##.#
..............#####.#
..♣...)).#.### #.#
......)o@)#.# #.#
.###.##o###.# #.#
#.>..# #.# ...... #.#
...#.... ... ## #.###
### .. ...


You could see an orc priest and an orc.

Vanquished Creatures
  A centaur (D:3)
  An orc priest (D:3)
  A worker ant (D:4)
  2 orc wizards (D:4)
  10 adders
  An adder skeleton (D:4)
  An adder zombie (D:3)
  3 worms (D:2)
  A dart slug (D:1)
  2 leopard geckos (D:3)
  12 orcs
  A ball python (D:3)
  4 giant cockroaches
  3 goblins
  3 hobgoblins
  5 jackals (D:1)
  2 quokkas (D:3)
  6 bats
  A frilled lizard (D:2)
  7 kobolds
  A leopard gecko skeleton (D:4)
  5 rats
73 creatures vanquished.

Notes
Turn   | Place    | Note
-------+----------+-------------------------------------------
     0 | D:1      | Flugslaktarn the Human Fighter began the quest for the Orb.
     0 | D:1      | Reached XP level 1. HP: 18/18 MP: 1/1
   149 | D:1      | Reached XP level 2. HP: 16/24 MP: 2/2
   784 | D:1      | Reached XP level 3. HP: 25/29 MP: 3/3
  1245 | D:2      | Found an iron altar of Okawaru.
  1256 | D:2      | Became a worshipper of Warmaster Okawaru
  1432 | D:2      | Found an ancient bone altar of Kikubaaqudgha.
  1464 | D:2      | Reached XP level 4. HP: 18/35 MP: 4/4
  2204 | D:3      | Reached XP level 5. HP: 19/41 MP: 5/5
  2882 | D:3      | Noticed a centaur
  2913 | D:3      | Reached XP level 6. HP: 27/48 MP: 6/6
  2915 | D:3      | Reached * piety under Okawaru
  3663 | D:4      | Found Zuewycw's Book Shoppe.
  3681 | D:4      | Reached XP level 7. HP: 20/54 MP: 4/7
  3688 | D:4      | Killed from afar by an orc priest

Illustrated notes

Levels and vault maps discovered:
D:1:      denvon_arrival_planthouse, layout_basic,
          chequers_serial_rivers_small_3
D:2:      layout_basic, overflow_temple_1_default, okawaru_gym_becter
D:3:      layout_basic, minmay_vboxes
D:4:      minmay_clustersquares, layout_rooms, serial_shops, nicolae_shop_trees

Skill      XL: |  1  2  3  4  5  6 |
---------------+-------------------+-----
Axes           | 3 4 |  4.6
Fighting       | 4 |  4.2
Armour         | 4 |  4.1
Shields        | 4 |  4.2

Action                   |  1- 3 |  4- 6 |  7- 9 || total
-------------------------+-------+-------+-------++-------
Melee: War axe           |    79 |   179 |     7 ||   265
Invok: Heroism           |       |     1 |       ||     1
  Use: Potion            |       |     2 |       ||     2
Armor: Scale mail        |    49 |    85 |     2 ||   136
Dodge: Dodged            |    25 |    61 |     2 ||    88
Block: Kite shield       |    37 |    94 |     6 ||   137

Table legend: (Time is in decaauts)
 A = Elapsed time spent in this place.
 B = Non-inter-level travel time spent in this place.
 C = Inter-level travel time spent in this place.
 D = Time resting spent in this place.
 E = Time spent auto-exploring this place.
 F = Levels seen in this place.
 G = Mean time per level.
                   A        B        C        D        E       F      G
               +--------+--------+--------+--------+--------+-----+--------+
         Total |   3802 |   3748 |     54 |    253 |   2927 |   4 |  950.5 |
       Dungeon |   3802 |   3748 |     54 |    253 |   2927 |   4 |  950.5 |
               +--------+--------+--------+--------+--------+-----+--------+

Top non-repeatable levels by time:
     D:3: 1432 daAuts
     D:1: 1177 daAuts
     D:2: 872 daAuts
     D:4: 320 daAuts
